 Dungeon Crawl Stone Soup version 0.28-a0-726-g4a9143789a (webtiles) character file.

Game seed: 14888209338801326332

8 lawman0 the Grasshopper (level 2, -2/23 HPs)
             Began as a Barachi Warper on Oct 27, 2021.
             Slain by a kobold (3 damage)
             ... on level 1 of the Dungeon.
             The game lasted 00:00:27 (497 turns).

lawman0 the Grasshopper (Barachi Warper)             Turns: 497, Time: 00:00:28

Health: -2/23      AC:  3    Str: 12    XL:     2   Next: 8%
Magic:  5/5        EV: 11    Int: 13    God:
Gold:   12         SH:  0    Dex: 11    Spells: 5/5 levels left

rFire   . . .      SeeInvis .   a - +0 falchion
rCold   . . .      Faith    .   (no shield)
rNeg    . . .      Spirit   .   b - +0 leather armour
rPois   .          Reflect  .   (no helmet)
rElec   .          Harm     .   (no cloak)
rCorr   .          Rampage  .   (no gloves)
Will    .....                   (no boots)
Stlth   +.........              (no amulet)
HPRegen 0.07/turn               (no ring)
MPRegen 0.09/turn               (no ring)

@: slow
A: amphibious, slowness 1, strong legs 1, +LOS
a: Hop


You were on level 1 of the Dungeon.
You visited 1 branch of the dungeon, and saw 1 of its levels.

You collected 12 gold pieces.

Inventory:

Hand Weapons
 a - a +0 falchion (weapon)
Missiles
 d - 5 boomerangs of dispersal (quivered)
Armour
 b - a +0 leather armour (worn)
 f - a +2 helmet
Scrolls
 c - a scroll of blinking
 e - a scroll of summoning {unknown}


   Skills:
 + Level 2.5 Fighting
 * Level 2.5 Long Blades
 + Level 1.2 Throwing
 + Level 1.3 Armour
 + Level 2.1 Dodging
 + Level 2.4 Spellcasting
 + Level 3.5 Translocations


You had 5 spell levels left.
You didn't know any spells.
Your spell library contained the following spells:

 Spells                   Type           Power      Damage    Failure   Level
 Blink                    Tloc           20%        N/A       11%         2
 Gell's Gravitas          Tloc           5%         N/A       22%         3
 Lesser Beckoning         Tloc           10%        N/A       22%         3
 Teleport Other           Tloc           10%        N/A       22%         3
 Manifold Assault         Tloc           10%        N/A       90%         5


Dungeon Overview and Level Annotations

Branches:
Dungeon (1/15)

Altars:


Innate Abilities, Weirdness & Mutations

You are amphibious.
You cover ground slowly.
You can hop short distances.
You have an extended range of vision and can be seen from far away.


Message History

An endoplasm comes into view.
You are too injured to fight recklessly!
The endoplasm quivers.
You hit the hobgoblin.
The hobgoblin is heavily wounded.
The hobgoblin completely misses you. The rat closely misses you.
The hobgoblin misses you.
You hit the hobgoblin.
You kill the hobgoblin!
The rat barely misses you. The rat bites you but does no damage.
The rat misses you.
You see here a hobgoblin corpse.
You closely miss the rat. The rat bites you but does no damage.
You hit the rat.
You kill the rat!
The endoplasm hits you but does no damage.
You have reached level 2!
The endoplasm freezes you.
You are frozen.
You see here a rat corpse.
You hit the endoplasm but do no damage. The endoplasm barely misses you.
You barely miss the endoplasm.
The kobold shouts!
The endoplasm hits you.
You hit the endoplasm.
The endoplasm is heavily wounded.
The endoplasm barely misses you.
You hit the endoplasm.
You kill the endoplasm!
The kobold hits you with a +0 short sword.
* * * LOW HITPOINT WARNING * * *
You hit the kobold but do no damage. The kobold barely misses you.
A ball python comes into view.
The kobold hits you with a +0 short sword.
* * * LOW HITPOINT WARNING * * *
You closely miss the kobold. The kobold barely misses you.
You hit the kobold.
The kobold is moderately wounded.
The kobold hits you with a +0 short sword.
You die...

#####.#.....###..
...#....##...... .
#.#..#.#####...
..##########....#.###.....
........#.............####
..................#####
...............#...#
........††.......#.######
.!..#####@.......#...)..#
.. #..K.#.##..##......#
.....##...###.##......#
..... ..[.. #.###.....#
.... ......##.. #.....#
... ............####### ..
........ . .........#
.........#


You could see a kobold.

Vanquished Creatures
  2 endoplasms (D:1)
  A goblin (D:1)
  A hobgoblin (D:1)
  2 ball pythons (D:1)
  2 rats (D:1)
8 creatures vanquished.

Notes
Turn   | Place    | Note
-------+----------+-------------------------------------------
     0 | D:1      | lawman0 the Barachi Warper began the quest for the Orb.
     0 | D:1      | Reached XP level 1. HP: 17/17 MP: 3/3
   489 | D:1      | Reached XP level 2. HP: 9/23 MP: 5/5
   495 | D:1      | HP: 1/23 [kobold (5)]
   497 | D:1      | Slain by a kobold

Illustrated notes

Levels and vault maps discovered:
D:1:      minmay_arrival_jagged, layout_rooms

Action                   || total
-------------------------++-------
Melee: Falchion          ||    36
Armor: Leather armour    ||     7
Dodge: Dodged            ||    24

Table legend: (Time is in decaauts)
 A = Elapsed time spent in this place.
 B = Non-inter-level travel time spent in this place.
 C = Inter-level travel time spent in this place.
 D = Time resting spent in this place.
 E = Time spent auto-exploring this place.
 F = Levels seen in this place.
 G = Mean time per level.
                   A        B        C        D        E       F      G
               +--------+--------+--------+--------+--------+-----+--------+
         Total |    516 |    516 |      0 |    392 |     38 |   1 |  516.0 |
       Dungeon |    516 |    516 |      0 |    392 |     38 |   1 |  516.0 |
               +--------+--------+--------+--------+--------+-----+--------+

Top non-repeatable levels by time:
     D:1: 516 daAuts
